 Dungeon Crawl Stone Soup version 0.31-a0-1071-gaead2f62b1 (webtiles) character file.

Game seed: 12504872297496041840

499 bmb222 the Magician (level 7, -1/53 HPs)
             Began as a Djinni Ice Elementalist on Nov 26, 2023.
             Slain by a phantom (7 damage)
             ... on level 5 of the Dungeon.
             The game lasted 00:08:05 (4468 turns).

bmb222 the Magician (Djinni Ice Elementalist)       Turns: 4468, Time: 00:08:06

Health: -1/53      AC:  4    Str:  7    XL:     7   Next: 39%
Gold:   192        EV: 12    Int: 25    God:
                   SH:  0    Dex: 13

rFire   + + .        (no weapon)
rCold   x . .        (no shield)
rNeg    . . .        a - +0 robe
rPois   ∞            c - +2 hat
rElec   .            (no cloak)
rCorr   .            (no gloves)
SInv    .            (boots unavailable)
Will    +....        (no amulet)
Stlth   ++           l - ring of willpower
HPRegen 0.28/turn    o - +6 ring of intelligence
MPRegen 0.00/turn

%: infuse magic (-2 HP)
@: brilliant, attractive, flying, very slightly contaminated
A: sickness immunity, fire resistance 2, cold vulnerability 1, float, innate
caster, HP casting, extra vitality 1
a: no special abilities


You were on level 5 of the Dungeon.
You visited 1 branch of the dungeon, and saw 5 of its levels.

You collected 192 gold pieces.

Inventory:

Armour
 a - a +0 robe (worn)
 c - a +2 hat (worn)
Jewellery
 d - a ring of fire
 k - a ring of fire
 l - a ring of willpower (left hand)
 o - a +6 ring of intelligence (right hand)
 w - an amulet of faith
 x - a +4 ring of protection
Wands
 i - a wand of flame (32)
 u - a wand of mindburst (9)
Scrolls
 e - 2 scrolls of butterflies {unknown}
 g - a scroll of immolation {unknown}
 h - 3 scrolls of identify {unknown}
 j - a scroll of enchant weapon {unknown}
 m - 2 scrolls of fear {unknown}
 n - a scroll of silence {unknown}
 q - a scroll of blinking {unknown}
 r - a scroll of vulnerability {unknown}
 s - a scroll of teleportation {unknown}
 t - a scroll of noise {unknown}
 v - a scroll of fog {unknown}
Potions
 f - a potion of enlightenment
 p - a potion of attraction


   Skills:
 * Level 4.5 Fighting
 - Level 2.3 Dodging
 - Level 1.7 Stealth
 + Level 0.3 Unarmed Combat
 * Level 5.2 Spellcasting
 * Level 5.2 Conjurations
 * Level 5.2 Hexes
 * Level 5.2 Summonings
 * Level 5.2 Necromancy
 * Level 5.2 Translocations
 * Level 5.2 Transmutations
 * Level 5.2 Fire Magic
 * Level 5.2 Ice Magic
 * Level 5.2 Air Magic
 * Level 5.2 Earth Magic
 * Level 5.2 Poison Magic


You knew the following spells:

 Your Spells              Type           Power      Damage    Failure   Level
a - Freeze                Ice            100%       1d10      1%          1
b - Frozen Ramparts       Ice            98%        1d15      2%          3
c - Ozocubu's Armour      Ice            49%        N/A       2%          3
d - Summon Ice Beast      Ice/Summ       49%        N/A       10%         4
e - Slow                  Hex            100%       N/A       1%          1
f - Blink                 Tloc           98%        N/A       1%          2
g - Jinxbite              Hex            98%        N/A       1%          2
Your spell library was empty.

Dungeon Overview and Level Annotations

Branches:
Dungeon (5/15)
 Temple: D:4-7

Altars:

Shops:
D:1 :   D:4 [*?((


Innate Abilities, Weirdness & Mutations

You are immune to sickness and miasma.
You are immune to poison.
Your flesh is very heat resistant. (rF++)
You are vulnerable to cold. (rC-)
You float through the air rather than walking.
You learn spells naturally, not from books.
Your magical power is your life essence.
You have superior vitality. (+4 MHP)


Message History

The phantom is lightly damaged.
The phantom misses you.
You freeze the phantom.
The phantom resists.
The phantom is moderately damaged.
The phantom misses you.
You freeze the phantom but do no damage.
The phantom completely resists.
The phantom barely misses you.
Casting: Freeze (safe; 1% risk of failure)
Confirm with . or Enter, or press ? or * to list all spells.
A chill wind blows around you. The phantom hits you.
You swap places.
The phantom hits your ice beast.
The phantom blinks!
Your ice beast blinks!
The phantom hits something but does no damage.
Your ice beast barely misses the phantom.
Your ice beast hits the phantom.
Your ice beast freezes the phantom.
The phantom resists.
Your ice beast misses the phantom.
You hit the phantom.
The phantom is moderately damaged.
The phantom barely misses you.
Your ice beast misses the phantom.
You hit the phantom.
The phantom is moderately damaged.
The phantom hits you.
The phantom blinks!
You blink.
You hit the phantom but do no damage.
The phantom is moderately damaged.
The phantom hits you.
The phantom blinks!
You blink.
Casting: Summon Ice Beast (dangerous; 10% risk of failure)
Confirm with . or Enter, or press ? or * to list all spells.
You miscast Summon Ice Beast.
You are very lightly contaminated with residual magic.
A chill runs through your body!
You feel a terrible chill!
* * * LOW HITPOINT WARNING * * *
x2 The phantom barely misses you.
It was a potion of brilliance.
You feel clever all of a sudden. The phantom misses you.
It was a potion of attraction.
You feel attractive to monsters. The phantom hits you!
You die...

# #...# #..# # #. #...#
#..# #.#.###...####
#.[#
#............#####..#
#.....))............#
##....).<.)..######.#
##.###.).#### #)#
#.###.W.#########.####
#....@................
#####
####.#.#.#############
#...#######.#......####
#.#...................#
#..<######..###.....#.#
##.## #..# #.....#.# ##
#..# #..#
#.....#.#####. .# ##.#
#..###............. .#
#.# #..........#)#####.


You could see a phantom.

Vanquished Creatures
  2 hounds
  An iguana (D:4)
  3 orc wizards (D:5)
  4 adders
  A white imp (D:4)
  2 worms
  7 orcs
  6 ball pythons
  8 endoplasms
  4 giant cockroaches
  7 goblins
  8 hobgoblins
  6 jackals
  2 kobolds
  4 quokkas
  3 bats
  2 frilled lizards
  8 rats
78 creatures vanquished.

Vanquished Creatures (collateral kills)
  2 ogres
  3 gnolls (D:4)
5 creatures vanquished.

Grand Total: 83 creatures vanquished

Notes
Turn   | Place    | Note
-------+----------+-------------------------------------------
     0 | D:1      | bmb222 the Djinni Ice Elementalist began the quest for the
                  | Orb.
     0 | D:1      | bmb222 set off with the following spells memorised: Freeze,
                  | Frozen Ramparts, Ozocubu's Armour, Summon Ice Beast.
     0 | D:1      | Reached XP level 1. HP: 15/15 MP: 0/0
   335 | D:1      | Reached XP level 2. HP: 20/21 MP: 0/0
   387 | D:1      | Found Teobih's Book Shoppe.
   529 | D:1      | Reached skill level 1 in Fighting
   954 | D:1      | Reached XP level 3. HP: 22/27 MP: 0/0
   954 | D:1      | Learned a level 1 spell: Slow
  1443 | D:2      | Reached XP level 4. HP: 26/33 MP: 0/0
  2371 | D:3      | Reached XP level 5. HP: 24/39 MP: 0/0
  2371 | D:3      | Learned a level 2 spell: Blink
  2709 | D:4      | Found Elaorph's Armour Shop.
  2884 | D:4      | Found Naulean's Assorted Antiques.
  3245 | D:4      | Reached XP level 6. HP: 24/46 MP: 0/0
  3477 | D:4      | Found Wopru's Magic Scroll Emporium.
  3483 | D:4      | Found Cegaw's Antique Weapon Shop.
  3521 | D:4      | Noticed an ogre
  3531 | D:4      | Killed an ogre
  3958 | D:4      | Found Rohea's Weapon Shop.
  4022 | D:5      | Entered Level 5 of the Dungeon
  4045 | D:5      | Reached skill level 5 in Spellcasting
  4045 | D:5      | Reached skill level 5 in Conjurations
  4045 | D:5      | Reached skill level 5 in Hexes
  4045 | D:5      | Reached skill level 5 in Summonings
  4045 | D:5      | Reached skill level 5 in Necromancy
  4045 | D:5      | Reached skill level 5 in Translocations
  4045 | D:5      | Reached skill level 5 in Transmutations
  4045 | D:5      | Reached skill level 5 in Fire Magic
  4045 | D:5      | Reached skill level 5 in Ice Magic
  4045 | D:5      | Reached skill level 5 in Air Magic
  4045 | D:5      | Reached skill level 5 in Earth Magic
  4045 | D:5      | Reached skill level 5 in Poison Magic
  4045 | D:5      | Reached XP level 7. HP: 34/52 MP: 0/0
  4045 | D:5      | Learned a level 2 spell: Jinxbite
  4468 | D:5      | Slain by a phantom

Illustrated notes

Levels and vault maps discovered:
D:1:      dpeg_arrival_circle_labyrinth_c, layout_basic, serial_shops,
          nicolae_shop_tiny_waterfront
D:2:      layout_loops_cross, nicolae_concentric_dashed_squares_mild,
          minmay_fountain_box
D:3:      layout_basic, minmay_misc_feat_iff, serial_park_tiny_pond
D:4:      layout_basic, serial_shops, shop, shop, shop, nicolae_shop_crystal,
          shop
D:5:      layout_loops_ring, chequers_temple_overflow_statue_of_worship

Skill      XL: |  1  2  3  4  5  6 |
---------------+-------------------+-----
Fighting       | 1 2 3 4 |  4.5
Spellcasting   | 4 5 |  5.2
Conjurations   | 4 5 |  5.2
Hexes          | 4 5 |  5.2
Summonings     | 4 5 |  5.2
Necromancy     | 4 5 |  5.2
Translocations | 4 5 |  5.2
Transmutations | 4 5 |  5.2
Fire Magic     | 4 5 |  5.2
Ice Magic      | 4 5 |  5.2
Air Magic      | 4 5 |  5.2
Earth Magic    | 4 5 |  5.2
Poison Magic   | 4 5 |  5.2
Dodging        | |  2.3
Stealth        | |  1.7
Unarmed Combat | |  0.3

Action                     |  1- 3 |  4- 6 |  7- 9 || total
---------------------------+-------+-------+-------++-------
  Melee: Unarmed           |     1 |     4 |     5 ||    10
   Cast: Freeze            |    47 |    82 |    13 ||   142
         Summon Ice Beast  |       |     2 |     2 ||     4
         Ozocubu's Armour  |       |     2 |       ||     2
         Frozen Ramparts   |       |     1 |     1 ||     2
         Slow              |       |     2 |       ||     2
         Jinxbite          |       |       |     1 ||     1
  Evoke: Wand              |       |     1 |       ||     1
    Use: Potion            |       |     3 |     2 ||     5
 Armour: Robe              |    19 |    46 |    12 ||    77
  Dodge: Dodged            |    19 |    32 |    12 ||    63

Table legend: (Time is in decaauts)
 A = Elapsed time spent in this place.
 B = Non-inter-level travel time spent in this place.
 C = Inter-level travel time spent in this place.
 D = Time resting spent in this place.
 E = Time spent auto-exploring this place.
 F = Levels seen in this place.
 G = Mean time per level.
                   A        B        C        D        E       F      G
               +--------+--------+--------+--------+--------+-----+--------+
         Total |   4468 |   4304 |    164 |    623 |   3005 |   5 |  893.6 |
       Dungeon |   4468 |   4304 |    164 |    623 |   3005 |   5 |  893.6 |
               +--------+--------+--------+--------+--------+-----+--------+

Top non-repeatable levels by time:
     D:4: 1312 daAuts
     D:2: 1014 daAuts
     D:1: 960 daAuts
     D:3: 735 daAuts
     D:5: 445 daAuts
